 Dungeon Crawl Stone Soup version 0.13-a0-2606-g170388b (webtiles) character file.

524 Kae the Basher (level 6, -1/52 HPs)
             Began as a Minotaur Berserker on Aug 4, 2013.
             Was a Priest of Trog.
             Slain by an iguana (10 damage)
             ... on Level 4 of the Dungeon.
             The game lasted 00:01:51 (2306 turns).

Kae the Basher (Minotaur Berserker)                 Turns: 2306, Time: 00:01:51

HP  -1/52        AC  6     Str 22      XL: 6   Next: 42%
MP   2/2         EV 10     Int  6      God: Trog [***...]
Gold 154         SH  0     Dex  9      Spells:  0 memorised,  5 levels left

Res.Fire  : . . .   See Invis. : .   a - +0 mace
Res.Cold  : . . .   Warding    : .   k - +0 elf ring mail
Life Prot.: . . .   Conserve   : .   (no shield)
Res.Poison: .       Res.Corr.  : .   (helmet restricted)
Res.Elec. : .       Clarity    : .   j - +0 cloak
Sust.Abil.: . .     Spirit.Shd : .   (no gloves)
Res.Mut.  : .       Stasis     : .   (no boots)
Res.Rott. : .       Flight     : .   (no amulet)
Saprovore : . . .                    (no ring)
                                     r - ring of flight

@: slightly resistant to hostile enchantments, extremely unstealthy
A: retaliatory headbutt, horns 2
a: Burn Spellbooks, Berserk, Trog's Hand, Renounce Religion, Evoke Flight


You were on level 4 of the Dungeon.
You worshipped Trog.
Trog was greatly pleased with you.
You were near starving.

You visited 1 branch of the dungeon, and saw 4 of its levels.

You collected 134 gold pieces.

Inventory:

Hand weapons
 a - a +0,+0 mace (weapon)
Armour
 b - a +0 animal skin
 j - a +0 cloak (worn)
 k - a +0 elven ring mail (worn)
Magical devices
 w - a wand of lightning (3) {unknown}
Comestibles
 c - 4 bread rations
 f - an apple
 h - 3 meat rations
 s - a lychee
 v - 2 pears
Scrolls
 d - 4 scrolls of remove curse {unknown}
 m - a scroll of curse weapon {unknown}
 n - a scroll of random uselessness {unknown}
 o - 3 scrolls of identify {unknown}
 q - a scroll of curse armour {unknown}
 x - 2 scrolls of amnesia {unknown}
Jewellery
 r - a ring of flight (left hand)
Potions
 e - a potion of restore abilities {unknown}
 g - 2 potions of curing {unknown}
 i - 3 potions of heal wounds {unknown}
 l - 2 potions of might {unknown}
 p - a potion of magic {unknown}
 t - a potion of speed {unknown}
 u - a potion of brilliance {unknown}
 z - 2 potions of agility {unknown}


   Skills:
 - Level 3.6 Fighting
 + Level 8.8 Maces & Flails
 - Level 2.4 Armour
 - Level 2.1 Dodging


You had 5 spell levels left.
You didn't know any spells.

Dungeon Overview and Level Annotations

Branches:
Dungeon (4/27)
 Temple: D:4-7

Altars:
Ashenzari
Cheibriados
Fedhas


Innate Abilities, Weirdness & Mutations

You reflexively headbutt those who attack you in melee.
You have a pair of horns on your head.


Message History

The scorpion is severely wounded.
The scorpion barely misses you. You furiously retaliate!
You headbutt the scorpion. You hit the scorpion.
The scorpion is almost dead.
The scorpion stings you but does no damage.
You hit the scorpion.
You kill the scorpion!
Trog accepts your kill.
You closely miss the iguana. The iguana bites you.
You closely miss the iguana. You headbutt the iguana.
The iguana is moderately wounded.
The iguana bites you!
* * * LOW HITPOINT WARNING * * *
You hit the iguana but do no damage. You headbutt the iguana.
The iguana is heavily wounded.
You barely miss the iguana.
The iguana is heavily wounded.
The iguana bites you!
You die...

............>..).........#.##
.........[.....()...........
##.###.####..##..######..#.#
..................#####..#.##
##.###......................#
#.# #...............g......#
#.# #..(.......g.#####.....#
. #.........#l## #.....#
#.........#@# #.....#
#.####..###.# #g....# #.#
#..# #.# #.....# . ...
.........).......
#.##..?......##.#
#.##.........# #
.............# #............#
####......%..#


You could see an iguana and a hobgoblin.

Vanquished Creatures
  An ogre (D:4)
  The ghost of Kae the Cudgeler, an average MiBe of Trog (D:3)
  2 scorpions (D:4)
  A worker ant (D:4)
  Ijyb (D:2)
  2 adders
  2 worms
  A giant gecko (D:1)
  2 oozes (D:1)
  6 giant cockroaches
  5 goblins
  10 hobgoblins
  4 jackals (D:2)
  A quokka (D:2)
  A ball python (D:1)
  7 bats
  2 giant newts
  A hobgoblin skeleton (D:3)
  9 kobolds
  8 rats
67 creatures vanquished.

Notes
Turn   | Place    | Note
--------------------------------------------------------------
     0 | D:1      | Kae, the Minotaur Berserker, began the quest for the Orb.
     0 | D:1      | Reached XP level 1. HP: 19/19 MP: 0/0
    34 | D:1      | Reached skill level 4 in Maces & Flails
    53 | D:1      | Reached XP level 2. HP: 19/26 MP: 0/0
   425 | D:1      | Acquired Trog's second power
   428 | D:1      | Reached skill level 5 in Maces & Flails
   658 | D:1      | Reached XP level 3. HP: 33/33 MP: 1/1
   837 | D:2      | Noticed Ijyb
   850 | D:2      | Killed Ijyb
   927 | D:2      | Reached XP level 4. HP: 26/39 MP: 1/1
   944 | D:2      | Reached skill level 6 in Maces & Flails
  1486 | D:3      | Noticed Kae's ghost (average MiBe)
  1504 | D:3      | Killed Kae's ghost
  1504 | D:3      | Reached skill level 7 in Maces & Flails
  1504 | D:3      | Reached XP level 5. HP: 25/46 MP: 1/1
  1913 | D:3      | Found a blossoming altar of Fedhas.
  1916 | D:3      | Found a snail-covered altar of Cheibriados.
  1919 | D:3      | Found a shattered altar of Ashenzari.
  2170 | D:4      | Noticed an ogre
  2180 | D:4      | Killed an ogre
  2180 | D:4      | Reached skill level 8 in Maces & Flails
  2180 | D:4      | Reached XP level 6. HP: 24/52 MP: 2/2
  2306 | D:4      | Slain by an iguana

Action                   |  1- 3 |  4- 6 || total
-------------------------+-------+-------++-------
Melee: Mace              |    84 |   110 ||   194
Invok: Trog's Hand       |       |     2 ||     2
